 Dungeon Crawl Stone Soup version 0.27-a0-767-g00efbec225 (webtiles) character file.

Game seed: 2292561973585873370

144 DasRunzen the Conjurer (level 4, 0/36 HPs)
             Began as a Demigod Conjurer on Mar 25, 2021.
             Slain by Crazy Yiuf
             ... wielding a +2 quarterstaff of chaos
              (7 damage)
             ... on level 3 of the Dungeon.
             The game lasted 00:05:45 (2405 turns).

DasRunzen the Conjurer (Demigod Conjurer)           Turns: 2405, Time: 00:05:45

Health: 0/36       AC:  3    Str: 12    XL:     4   Next: 77%
Magic:  1/10       EV: 12    Int: 20    God:
Gold:   52         SH:  0    Dex: 12    Spells: 5/8 levels left

rFire    . . .     SeeInvis .   i - +0 whip
rCold    . . .     Faith    .   (no shield)
rNeg     + . .     Spirit   .   a - +0 robe
rPois    .         Reflect  .   (no helmet)
rElec    .         Harm     .   (no cloak)
rCorr    .         Rampage  .   (no gloves)
Will     .....                  b - +0 pair of boots
Stlth    ++........             (no amulet)
HPRegen  0.12/turn              d - ring of positive energy
MPRegen  0.12/turn              m - ring of wizardry

@: no status effects
A: high mp 1, forlorn
a: no special abilities


You were on level 3 of the Dungeon.
You visited 1 branch of the dungeon, and saw 3 of its levels.

You collected 52 gold pieces.

Inventory:

Hand Weapons
 i - a +0 whip (weapon)
Armour
 a - a +0 robe (worn)
 b - a +0 pair of boots (worn)
Jewellery
 d - a ring of positive energy (right hand)
 m - a ring of wizardry (left hand)
Wands
 c - a wand of polymorph (11)
 o - a wand of random effects (14)
Potions
 e - a potion of attraction {unknown}
 f - a potion of invisibility
 g - a potion of flight {unknown}
 h - a potion of magic {unknown}
 j - a potion of curing {unknown}
 k - a potion of resistance {unknown}
 l - a potion of brilliance {unknown}
 n - a potion of cancellation {unknown}


   Skills:
 + Level 1.7 Fighting
 + Level 1.7 Armour
 + Level 2.5 Dodging
 - Level 1.7 Stealth
 + Level 2.5 Spellcasting
 + Level 4.1 Conjurations


You had 5 spell levels left.
You knew the following spells:

 Your Spells              Type           Power      Damage    Failure   Level
a - Magic Dart            Conj           76%        1d6       1%          1
b - Searing Ray           Conj           38%        3d4       1%          2

Your spell library contained the following spells:

 Spells                   Type           Power      Damage    Failure   Level
 Corona                   Hex            2%         N/A       6%          1
 Dazzling Flash           Conj/Hex       20%        N/A       8%          3
 Ensorcelled Hibernation  Hex/Ice        4%         N/A       9%          2
 Confusing Touch          Hex            2%         N/A       17%         3
 Tukima's Dance           Hex            2%         N/A       17%         3
 Fulminant Prism          Conj/Hex       5%         3d7       26%         4
 Iskenderun's Mystic Bla  Conj/Tloc      10%        2d4       26%         4


Dungeon Overview and Level Annotations

Branches:
Dungeon (3/15)

Annotations:
D:3 Crazy Yiuf


Innate Abilities, Weirdness & Mutations

Your attributes grow dramatically as you level up.
You have an increased reservoir of magic. (+10% MP)
You shall have no god before yourself.


Message History

Press: ? - help, Shift-Dir - straight line, f - Crazy Yiuf
Aim: Crazy Yiuf, wielding a +2 quarterstaff of chaos and wearing a +0 cloak (19% to evade)
The searing ray hits Crazy Yiuf!
Crazy Yiuf is moderately wounded. (Press . to maintain the ray.)
The searing ray hits Crazy Yiuf.
Crazy Yiuf is heavily wounded.
Crazy Yiuf hits you with a +2 quarterstaff of chaos!!
Ouch! That really hurt!
The searing ray misses Crazy Yiuf.
Crazy Yiuf grits, "Whiteboard senile shoe!"
Crazy Yiuf barely misses you.
The searing ray hits Crazy Yiuf.
Crazy Yiuf is severely wounded.
You finish channeling your searing ray.
Crazy Yiuf drinks a potion.
Crazy Yiuf is healed!
Casting: Searing Ray (safe; 1% risk of failure)
Confirm with . or Enter, or press ? or * to list all spells.
Aiming: Searing Ray (safe; 1% risk of failure)
Press: ? - help, Shift-Dir - straight line, f/p - Crazy Yiuf
Aim: Crazy Yiuf, wielding a +2 quarterstaff of chaos and wearing a +0 cloak (19% to evade)
The searing ray hits Crazy Yiuf.
Crazy Yiuf is moderately wounded. (Press . to maintain the ray.) Crazy Yiuf says, "Snurf!
Walk water verde."
Crazy Yiuf barely misses you.
The searing ray hits Crazy Yiuf.
Crazy Yiuf is heavily wounded.
Crazy Yiuf closely misses you.
The searing ray hits Crazy Yiuf.
Crazy Yiuf is heavily wounded.
Crazy Yiuf hits you with a +2 quarterstaff of chaos!
* * * LOW HITPOINT WARNING * * *
Crazy Yiuf burns you.
* * * LOW HITPOINT WARNING * * *
The searing ray hits Crazy Yiuf.
Crazy Yiuf is severely wounded.
You finish channeling your searing ray.
Crazy Yiuf hits you with a +2 quarterstaff of chaos!
You die...

♣♣♣♣♣### ###
♣♣♣.♣....##
#...#♣..♣......##
#...g@♣♣♣♣......#
#)..#♣♣ ♣♣.....#
### ♣♣###.# ##.#
########## #..#
...<.....#### ###
#.##
.#########..#
###.### #.#
.###### #..#
#.....# ##.#
......#
#..###.#.#.# #..#


You could see Crazy Yiuf.

Vanquished Creatures
  Natasha (thrice) (D:2)
  An adder (D:2)
  A dart slug (D:2)
  6 ball pythons
  5 bats
  4 endoplasms (D:1)
  2 giant cockroaches
  5 goblins
  A hobgoblin (D:2)
  12 jackals
  3 quokkas
  4 frilled lizards
  3 kobolds
  5 rats
55 creatures vanquished.

Notes
Turn   | Place    | Note
-------+----------+-------------------------------------------
     0 | D:1      | DasRunzen the Demigod Conjurer began the quest for the Orb.
     0 | D:1      | Reached XP level 1. HP: 14/14 MP: 5/5
   479 | D:1      | Reached XP level 2. HP: 22/22 MP: 4/7
   482 | D:1      | Learned a level 2 spell: Searing Ray
  1159 | D:2      | Reached XP level 3. HP: 27/27 MP: 6/8
  1200 | D:2      | Noticed Natasha
  1202 | D:2      | Reached skill level 1 in Armour
  1217 | D:1      | Reached skill level 1 in Fighting
  1274 | D:2      | Killed Natasha
  1373 | D:2      | Noticed Natasha
  1553 | D:2      | Killed Natasha
  1554 | D:2      | Reached skill level 4 in Conjurations
  1554 | D:2      | Reached XP level 4. HP: 27/35 MP: 4/10
  1596 | D:2      | Noticed Natasha
  1601 | D:2      | Killed Natasha
  2393 | D:3      | Found a runed translucent door.
  2394 | D:3      | Noticed Crazy Yiuf
  2405 | D:3      | Slain by Crazy Yiuf

Illustrated notes

Levels and vault maps discovered:
D:1:      denvon_arrival_planthouse, layout_basic
D:2:      layout_rooms, uniq_natasha
D:3:      layout_loops_ring, hangedman_decor_points, minmay_misc_feat_alley,
          fountainhead, uniq_crazy_yiuf_cottage

Skill      XL: |  1  2  3 |
---------------+----------+-----
Dodging        | 2 |  2.5
Spellcasting   | 2 |  2.5
Armour         | 1 |  1.7
Fighting       | 1 |  1.7
Conjurations   | 4 |  4.1
Stealth        | |  1.7

Action                   |  1- 3 |  4- 6 || total
-------------------------+-------+-------++-------
 Cast: Magic Dart        |    61 |    40 ||   101
       Searing Ray       |     3 |     4 ||     7
  Use: Scroll            |     3 |       ||     3
Armor: Robe              |     7 |     2 ||     9
Dodge: Dodged            |    20 |    10 ||    30

Table legend: (Time is in decaauts)
 A = Elapsed time spent in this place.
 B = Non-inter-level travel time spent in this place.
 C = Inter-level travel time spent in this place.
 D = Time resting spent in this place.
 E = Time spent auto-exploring this place.
 F = Levels seen in this place.
 G = Mean time per level.
                   A        B        C        D        E       F      G
               +--------+--------+--------+--------+--------+-----+--------+
         Total |   2406 |   2379 |     27 |    279 |   1801 |   3 |  802.0 |
       Dungeon |   2406 |   2379 |     27 |    279 |   1801 |   3 |  802.0 |
               +--------+--------+--------+--------+--------+-----+--------+

Top non-repeatable levels by time:
     D:1: 1323 daAuts
     D:2: 947 daAuts
     D:3: 135 daAuts
